 Dungeon Crawl Stone Soup version 0.30-a0-585-g93115170b9 (webtiles) character file.

Game seed: 5116301620754760688

38 cforsyth the Ruffian (level 3, -3/33 HPs)
             Began as a Ghoul Monk on Jan 2, 2023.
             Slain by a worm (8 damage)
             ... on level 2 of the Dungeon.
             The game lasted 00:01:43 (1171 turns).

cforsyth the Ruffian (Ghoul Monk)                   Turns: 1171, Time: 00:01:44

Health: -3/33      AC:  2    Str: 16    XL:     3   Next: 43%
Magic:  2/2        EV: 12    Int:  5    God:
Gold:   80         SH:  0    Dex: 11    Spells: 2/2 levels left

rFire   . . .      SeeInvis .      - Unarmed
rCold   + . .      Faith    .    (no shield)
rNeg    + + +      Spirit   .    a - +0 robe
rPois   ∞          Reflect  .    (no helmet)
rElec   .          Harm     .    (no cloak)
rCorr   .          Rampage  .    (no gloves)
Will    .....                    (no boots)
Stlth   ++                       (no amulet)
HPRegen 0.00/turn                (no ring)
MPRegen 0.08/turn                (no ring)

@: inhibited regen
A: claws 1, cold resistance 1, negative energy resistance 3, inhibited
regeneration, torment resistance 2, devour on kill
a: no special abilities


You were on level 2 of the Dungeon.
You visited 1 branch of the dungeon, and saw 2 of its levels.

You collected 80 gold pieces.

Inventory:

Armour
 a - a +0 robe (worn)
Jewellery
 c - a ring of fire
 n - an amulet of reflection
Wands
 k - a wand of mindburst (9)
Scrolls
 f - a scroll of brand weapon {unknown}
 g - 2 scrolls of teleportation {unknown}
 h - a scroll of identify {unknown}
 j - a scroll of silence {unknown}
 m - a scroll of immolation {unknown}
 o - a scroll of poison {unknown}
Potions
 b - a potion of ambrosia
 d - a potion of haste {unknown}
 e - 2 potions of curing {unknown}
 i - a potion of heal wounds {unknown}
 l - a potion of resistance {unknown}


   Skills:
 + Level 4.1 Fighting
 - Level 2.6 Dodging
 - Level 2.1 Stealth
 + Level 4.1 Unarmed Combat


You had 2 spell levels left.
You didn't know any spells.
Your spell library contained the following spells:

 Spells                   Type           Power      Damage    Failure   Level
 Apportation              Tloc           0%         N/A       47%         1
 Necrotise                Necr           0%         1d4       47%         1
 Summon Small Mammal      Summ           0%         N/A       47%         1


Dungeon Overview and Level Annotations

Branches:
Dungeon (2/15)

Altars:


Innate Abilities, Weirdness & Mutations

You are immune to poison.
You have sharp fingernails.
Your flesh is cold resistant. (rC+)
You are immune to negative energy. (rN+++)
You do not regenerate when monsters are visible.
You are immune to unholy pain and torment.
You thrive by killing the living.


Message History

The bat misses you. The jackal closely misses you. The quokka bites you.
The jackal closely misses you.
The jackal bites you but does no damage.
You closely miss the jackal.
The jackal is almost dead.
The bat hits you but does no damage. The jackal barely misses you.
The jackal bites you but does no damage.
The jackal closely misses you. The quokka misses you.
The bat hits you but does no damage.
You closely miss the jackal.
The jackal is almost dead.
The bat closely misses you. The jackal closely misses you.
The jackal barely misses you. x2; The quokka barely misses you.
The jackal bites you.
You claw the jackal!
You kill the jackal!
You feel better. The bat hits you but does no damage.
The jackal closely misses you. The quokka misses you.
The jackal barely misses you. x2
You scratch the worm but do no damage. The bat hits you but does no damage.
The quokka bites you but does no damage.
The jackal bites you but does no damage.
The jackal bites you.
You barely miss the worm. The jackal barely misses you.
The quokka closely misses you. The bat misses you.
The jackal bites you but does no damage.
The worm bites you!
* * * LOW HITPOINT WARNING * * *
The jackal barely misses you.
You are too injured to fight recklessly!
You are too injured to fight recklessly!
You are too injured to fight recklessly!
You are too injured to fight recklessly!
You are too injured to fight recklessly!
You are too injured to fight recklessly!
The quokka attacks as you move away! The quokka bites you.
* * * LOW HITPOINT WARNING * * *
The bat barely misses you. The bat closely misses you. The quokka misses you.
The worm bites you!
You die...

. .....#..... ....
.....#..... ....
....#..... # ....
.......... #. ...
###...... #.. #'#
#....... ##...###.#
#....... .........#
#....... .......@b#
#####.......
......hwr####...........
.......h................
........................
.......................<
.....###+####.....#..†..
..... #.....#..... .....
##...##..... ..
.............##..


You could see a worm, a quokka, 2 jackals and a bat.

Vanquished Creatures
  3 dart slugs
  7 ball pythons
  4 bats
  An endoplasm (D:2)
  A giant cockroach (D:1)
  2 goblins
  A hobgoblin (D:1)
  5 jackals
  3 kobolds (D:1)
  A frilled lizard (D:2)
  3 rats
31 creatures vanquished.

Notes
Turn   | Place    | Note
-------+----------+-------------------------------------------
     0 | D:1      | cforsyth the Ghoul Monk began the quest for the Orb.
     0 | D:1      | Reached XP level 1. HP: 19/19 MP: 0/0
    83 | D:1      | Reached XP level 2. HP: 11/26 MP: 1/1
   685 | D:1      | Reached XP level 3. HP: 27/33 MP: 2/2
  1171 | D:2      | Slain by a worm

Illustrated notes

Levels and vault maps discovered:
D:1:      minmay_arrival_three_doors, layout_loops_ring, feat_on_display
D:2:      layout_basic

Skill      XL: |  1  2  3 |
---------------+----------+-----
Unarmed Combat | 4 |  4.1
Fighting       | 4 |  4.1
Dodging        | |  2.6
Stealth        | |  2.1

Action                   || total
-------------------------++-------
Melee: Unarmed           ||   107
       Punch             ||     4
 Stab: Sleeping          ||     4
Armor: Robe              ||    32
Dodge: Dodged            ||   104

Table legend: (Time is in decaauts)
 A = Elapsed time spent in this place.
 B = Non-inter-level travel time spent in this place.
 C = Inter-level travel time spent in this place.
 D = Time resting spent in this place.
 E = Time spent auto-exploring this place.
 F = Levels seen in this place.
 G = Mean time per level.
                   A        B        C        D        E       F      G
               +--------+--------+--------+--------+--------+-----+--------+
         Total |   1163 |   1139 |     24 |      0 |    897 |   2 |  581.5 |
       Dungeon |   1163 |   1139 |     24 |      0 |    897 |   2 |  581.5 |
               +--------+--------+--------+--------+--------+-----+--------+

Top non-repeatable levels by time:
     D:1: 896 daAuts
     D:2: 266 daAuts
